 Dungeon Sprint DCSS version 0.27-a0-1200-g94dc6ad4cf (webtiles) character file.

Game seed: 13085432141361118326

161 Zeld the Destroyer (level 5, -1/31 HPs)
             Began as an Octopode Conjurer on May 31, 2021.
             Was an Initiate of Sif Muna.
             Slain by a troll (7 damage)
             ... in the Dungeon (Sprint IX: "|||||||||||||||||||||||||||||").
             The game lasted 00:02:05 (983 turns).

Zeld the Destroyer (Octopode Conjurer)               Turns: 983, Time: 00:02:06

Health: -1/31      AC:  3    Str: 11    XL:     5   Next: 42%
Magic:  7/12       EV: 14    Int: 22    God:    Sif Muna [......]
Gold:   0          SH:  0    Dex: 10    Spells: 3/14 levels left

rFire    . . .     SeeInvis .   l - +2 morningstar of Inquiry {venom, Contam rElec rN+ rCorr Str+2}
rCold    . . .     Faith    .   (no shield)
rNeg     + . .     Spirit   .   (helmet restricted)
rPois    .         Reflect  .   (no amulet)
rElec    +         Harm     .   k - +2 ring of protection
rCorr    +         Rampage  .   j - +3 ring of strength
Will     .....     NoTele   +   (no ring)
Stlth    +++.......             (no ring)
HPRegen  0.10/turn              (no ring)
MPRegen  0.13/turn              (no ring)
                                (no ring)
                                (no ring)

@: no status effects
A: almost no armour, amphibious, 8 rings, camouflage 1, gelatinous body 1,
(nimble swimmer 1), tentacles
a: Renounce Religion


You were in the Dungeon.
You worshipped Sif Muna.
Sif Muna was noncommittal.
You visited 1 branch

Inventory:

Hand Weapons
 l - the +2 morningstar of Inquiry (weapon) {venom, Contam rElec rN+ rCorr Str+2}
   (You found it in the Dungeon)

   It poisons the flesh of those it strikes.
   It affects your strength (+2).
   It insulates you from electricity.
   It protects you from negative energy.
   It causes magical contamination when unequipped.
   It protects you from acid and corrosion.
Jewellery
 j - a +3 ring of strength (right tentacle)
 k - a +2 ring of protection (left tentacle)
Wands
 i - a wand of iceblast (10)
Scrolls
 g - 2 scrolls of blinking
 h - 2 scrolls of amnesia
Potions
 a - a potion of invisibility
 b - 5 potions of curing
 c - a potion of heal wounds
 d - a potion of haste
 e - 4 potions of magic
 f - a potion of berserk rage


   Skills:
 + Level 5.5 Dodging
 - Level 2.6 Stealth
 + Level 5.1 Spellcasting
 * Level 8.5 Conjurations


You had 3 spell levels left.
You knew the following spells:

 Your Spells              Type           Power      Damage    Failure   Level
a - Magic Dart            Conj           100%       1d8       1%          1
b - Searing Ray           Conj           86%        3d6       1%          2
c - Fulminant Prism       Conj/Hex       12%        3d9       17%         4
d - Iskenderun's Mystic   Conj/Tloc      24%        2d7       17%         4

Your spell library contained the following spells:

 Spells                   Type           Power      Damage    Failure   Level
 Dazzling Flash           Conj/Hex       48%        N/A       5%          3


Dungeon Overview and Level Annotations

Branches:
Dungeon (1/1)

Altars:
Cheibriados
Dithmenos
Elyvilon
Fedhas
Gozag
Hepliaklqana
Kikubaaqudgha
Makhleb
Nemelex Xobeh
Okawaru
Qazlal
Ru
Sif Muna
Trog
Uskayaw
Vehumet
Wu Jian
Xom
Yredelemnul
Zin
The Shining One
Beogh
Jiyva
Lugonu


Innate Abilities, Weirdness & Mutations

You cannot wear most types of armour.
You are amphibious.
You can wear up to eight rings at the same time.
Your skin changes colour to match your surroundings (Stealth+).
Your rubbery body absorbs attacks. (AC +1, EV +1)
((You are camouflaged near water. (Stealth+)))
You have tentacles for arms and can constrict up to eight enemies at once.


Message History

The searing ray hits the kobold brigand!
The kobold brigand is heavily wounded. (Press . to maintain the ray.)
The orc wizard closely misses you.
Unknown command.
The searing ray misses the orc wizard.
The searing ray hits the troll!
The troll is heavily wounded.
The searing ray hits the kobold brigand!
The kobold brigand is severely wounded.
The searing ray hits the centaur.
The centaur is lightly wounded.
The orc wizard gestures at you while chanting.
The puff of flame hits you!
The searing ray hits the orc wizard!
You kill the orc wizard!
Sif Muna accepts your kill.
The searing ray hits the troll.
The troll is heavily wounded.
The searing ray misses the kobold brigand.
The searing ray hits the centaur!
The centaur is heavily wounded.
Your Spellcasting skill increases to level 5!
Unknown command.
Unknown command.
The searing ray hits the troll!
The troll is severely wounded.
The searing ray misses the kobold brigand.
The searing ray hits the centaur!
The centaur is severely wounded.
You finish channeling your searing ray.
The troll bites you! The troll barely misses you. The troll claws you!
* * * LOW HITPOINT WARNING * * *
Unknown command.
Okay, then.
You feel much better. The troll bites you!!
Ouch! That really hurt!
The troll claws you!
* * * LOW HITPOINT WARNING * * *
The troll claws you!
You die...

▓.▓
▓W▓
▓.▓
▓D▓
▓c▓
▓K▓
▓T▓
▓@▓
▓.▓
▓[▓
▓[▓
▓[▓
▓.▓
▓)▓
▓.▓
▓.▓


You could see a troll, a wraith, a steam dragon, a kobold brigand and a centaur.

Vanquished Creatures
  A necrophage (D)
  A jelly (D)
  An orc wizard (D)
  A white imp (D)
  A worm (D)
  A dart slug (D)
  An endoplasm (D)
  A giant cockroach (D)
  A jackal (D)
  2 quokkas (D)
11 creatures vanquished.

Notes
Turn   | Place    | Note
-------+----------+-------------------------------------------
     0 | D        | Zeld the Octopode Conjurer began the quest for the Orb.
     0 | D        | Reached XP level 1. HP: 11/11 MP: 3/3
    21 | D        | Reached XP level 2. HP: 7/17 MP: 2/5
    29 | D        | Learned a level 2 spell: Searing Ray
   499 | D        | Noticed a necrophage
   502 | D        | Reached skill level 5 in Conjurations
   503 | D        | Reached skill level 6 in Conjurations
   503 | D        | Reached XP level 3. HP: 21/21 MP: 2/8
   521 | D        | Killed a necrophage
   522 | D        | Reached skill level 5 in Dodging
   522 | D        | Reached skill level 8 in Conjurations
   522 | D        | Reached XP level 4. HP: 25/27 MP: 0/10
   522 | D        | Reached XP level 5. HP: 28/31 MP: 0/12
   527 | D        | Learned a level 4 spell: Fulminant Prism
   532 | D        | Learned a level 4 spell: Iskenderun's Mystic Blast
   817 | D        | Found a snail-covered altar of Cheibriados.
   817 | D        | Found a shadowy altar of Dithmenos.
   817 | D        | Found a white marble altar of Elyvilon.
   817 | D        | Found a blossoming altar of Fedhas.
   817 | D        | Found an opulent altar of Gozag.
   818 | D        | Found a hazy altar of Hepliaklqana.
   819 | D        | Found a viscous altar of Jiyva.
   820 | D        | Found an ancient bone altar of Kikubaaqudgha.
   821 | D        | Found a corrupted altar of Lugonu.
   822 | D        | Found a burning altar of Makhleb.
   823 | D        | Found a sparkling altar of Nemelex Xobeh.
   824 | D        | Found an iron altar of Okawaru.
   825 | D        | Found a stormy altar of Qazlal.
   826 | D        | Found a sacrificial altar of Ru.
   827 | D        | Found a shimmering blue altar of Sif Muna.
   828 | D        | Found a bloodstained altar of Trog.
   829 | D        | Found a hide-covered altar of Uskayaw.
   830 | D        | Found a radiant altar of Vehumet.
   831 | D        | Found an ornate altar of the Wu Jian Council.
   832 | D        | Found a shimmering altar of Xom.
   833 | D        | Found a basalt altar of Yredelemnul.
   834 | D        | Found a glowing silver altar of Zin.
   835 | D        | Found a glowing golden altar of the Shining One.
   837 | D        | Became a worshipper of Sif Muna the Loreminder
   870 | D        | Got the +2 morningstar of Inquiry {venom, Contam rElec rN+
                  | rCorr Str+2}
   978 | D        | Noticed a wraith
   978 | D        | Noticed a steam dragon
   978 | D        | Noticed a centaur
   978 | D        | Noticed a kobold brigand
   978 | D        | Noticed a troll
   982 | D        | Reached skill level 5 in Spellcasting
   983 | D        | Slain by a troll

Illustrated notes

Levels and vault maps discovered:
D:        linesprint [early_d, line_temple, items_1, d_10, items_2, lair_1,
          lair_end, items_3, orc_1, orc_end, items_4, d_15, swamp_1, shoals_1,
          snake_1, spider_1, d_20, vaults_1, items_5, swamp_end, shoals_end,
          snake_end, spider_end, vaults_end, d_27, items_6, zot_1, zot_end,
          crypt_end, forest_end, elf_end, slime_end, tomb_end, abyss_end,
          pan_hell_end]

Skill      XL: |  1  2  3  4  5 |
---------------+----------------+-----
Conjurations   | 6 8 |  8.5
Dodging        | 3 5 |  5.5
Spellcasting   | 3 4 5 |  5.1
Stealth        | |  2.6

Action                   |  1- 3 |  4- 6 || total
-------------------------+-------+-------++-------
Melee: Unarmed           |    22 |       ||    22
       Constrict         |     5 |       ||     5
       Tentacles         |     5 |       ||     5
 Cast: Magic Dart        |     2 |       ||     2
       Searing Ray       |     2 |     1 ||     3
  Use: Potion            |     1 |     1 ||     2
Armor: Skin              |     4 |       ||     4
Dodge: Dodged            |    13 |     2 ||    15

Table legend: (Time is in decaauts)
 A = Elapsed time spent in this place.
 B = Non-inter-level travel time spent in this place.
 C = Inter-level travel time spent in this place.
 D = Time resting spent in this place.
 E = Time spent auto-exploring this place.
 F = Levels seen in this place.
 G = Mean time per level.
                   A        B        C        D        E       F      G
               +--------+--------+--------+--------+--------+-----+--------+
         Total |    981 |    981 |      0 |    834 |      0 |   1 |  981.0 |
       Dungeon |    981 |    981 |      0 |    834 |      0 |   1 |  981.0 |
               +--------+--------+--------+--------+--------+-----+--------+

Top non-repeatable levels by time:
       D: 981 daAuts
